 Dungeon Crawl Stone Soup version 0.29-a0-187-ga23d9638d5 (webtiles) character file.

Game seed: 13151593013553605756

17 Zeldest the Caller (level 2, -2/20 HPs)
             Began as a Gnoll Summoner on Feb 21, 2022.
             Frozen to death by an endoplasm (5 damage)
             ... on level 2 of the Dungeon.
             The game lasted 00:01:45 (172 turns).

Zeldest the Caller (Gnoll Summoner)                  Turns: 172, Time: 00:01:46

Health: -2/20      AC:  2    Str:  7    XL:     2   Next: 62%
Magic:  5/7        EV: 13    Int: 14    God:
Gold:   10         SH:  0    Dex: 12    Spells: 7/10 levels left

rFire   . . .      SeeInvis +   (no weapon)
rCold   . . .      Faith    .   (no shield)
rNeg    . . .      Spirit   .   a - +0 robe
rPois   .          Reflect  .   (no helmet)
rElec   .          Harm     .   (no cloak)
rCorr   .          Rampage  .   (no gloves)
Will    .....                   (no boots)
Stlth   ++........              (no amulet)
HPRegen 0.06/turn               e - ring of see invisible
MPRegen 0.10/turn               (no ring)

@: no status effects
A: fangs 1, strong nose, distributed training
a: no special abilities


You were on level 2 of the Dungeon.
You visited 1 branch of the dungeon, and saw 2 of its levels.

You collected 28 gold pieces.
You spent 18 gold pieces at shops.

Inventory:

Armour
 a - a +0 robe (worn)
Jewellery
 b - a ring of positive energy
 e - a ring of see invisible (left hand)
Scrolls
 d - a scroll of enchant weapon
 f - a scroll of blinking


   Skills:
 + Level 0.5 Fighting
 + Level 0.5 Short Blades
 + Level 0.5 Long Blades
 + Level 0.5 Axes
 + Level 0.5 Maces & Flails
 + Level 0.5 Polearms
 + Level 0.5 Staves
 + Level 0.5 Slings
 + Level 0.5 Bows
 + Level 0.5 Crossbows
 + Level 0.5 Throwing
 + Level 0.5 Armour
 + Level 4.5 Dodging
 + Level 4.1 Stealth
 + Level 0.5 Shields
 + Level 0.5 Unarmed Combat
 + Level 4.9 Spellcasting
 + Level 0.3 Conjurations
 + Level 0.3 Hexes
 + Level 7.0 Summonings
 + Level 0.3 Necromancy
 + Level 0.3 Translocations
 + Level 0.3 Transmutations
 + Level 0.3 Fire Magic
 + Level 0.3 Ice Magic
 + Level 0.3 Air Magic
 + Level 0.3 Earth Magic
 + Level 0.3 Poison Magic
 + Level 0.6 Invocations
 + Level 0.5 Evocations


You had 7 spell levels left.
You knew the following spells:

 Your Spells              Type           Power      Damage    Failure   Level
a - Call Imp              Summ           23%        N/A       1%          2
b - Summon Small Mammal   Summ           92%        N/A       1%          1

Your spell library contained the following spells:

 Spells                   Type           Power      Damage    Failure   Level
 Call Canine Familiar     Summ           23%        N/A       3%          3
 Summon Guardian Golem    Hex/Summ       13%        N/A       12%         3
 Summon Lightning Spire   Summ/Air       13%        N/A       36%         4


Dungeon Overview and Level Annotations

Branches:
Dungeon (1/15)

Altars:

Shops:
D:2 *


Innate Abilities, Weirdness & Mutations

You have very sharp teeth.
Your uncanny sense of smell can sniff out nearby items.
Your experience applies equally to all skills.


Message History

You swap places.
Your shadow imp gestures at the giant cockroach.
The giant cockroach writhes in agony!
The giant cockroach dies!
There is an entrance to Mehee's Assorted Antiques here.
c - 2 scrolls labelled HUEFFU UMAOSOS (gained 1) Thank you for shopping at Mehee's Assorted Antiques!
Okay, then.
As you read the scroll labelled HUEFFU UMAOSOS, it crumbles to dust.
It is a scroll of identify.
f - a scroll of blinking
As you read the scroll of identify, it crumbles to dust.
d - a scroll of enchant weapon You swap places.
An endoplasm comes into view.
A dart slug comes into view.
Your shadow imp disappears in a puff of smoke!
Casting: Call Imp (safe; 1% risk of failure)
Confirm with . or Enter, or press ? or * to list all spells.
A beastly little devil appears in a puff of flame.
The endoplasm quivers.
You barely miss the endoplasm. The endoplasm hits you.
* * * LOW HITPOINT WARNING * * *
Your crimson imp barely misses the endoplasm.
You hit the endoplasm.
The endoplasm is lightly wounded.
The endoplasm hits you but does no damage.
Your crimson imp hits the endoplasm.
You hit the endoplasm.
The endoplasm is severely wounded.
The endoplasm freezes you.
You are frozen.
* * * LOW HITPOINT WARNING * * *
Your crimson imp completely misses the endoplasm.
You hit the endoplasm.
You bite the endoplasm, but do no damage.
The endoplasm is almost dead.
The endoplasm freezes you.
You are frozen.
You die...

. w## ..# ###..##...
∆ #.#∆..........
#.###.#.#.#.# ..###
#..##.#†....#
#.....#J5##.#.....##
#...@.##........#####
#####.##............#
#.##....∩...##.#
#....#......#.##
####.##......##
..##.#####.# #####.#
#.# #.# #.# #.# ##


You could see a dart slug (asleep), an endoplasm (ally target) and a friendly
crimson imp (summoned).

Vanquished Creatures
  A jackal (D:1)
  A rat (D:1)
2 creatures vanquished.

Vanquished Creatures (collateral kills)
  A ball python (D:1)
  3 endoplasms (D:1)
  2 giant cockroaches
  2 hobgoblins (D:1)
  A jackal (D:1)
  A kobold (D:1)
  2 rats (D:1)
12 creatures vanquished.

Grand Total: 14 creatures vanquished

Notes
Turn   | Place    | Note
-------+----------+-------------------------------------------
     0 | D:1      | Zeldest the Gnoll Summoner began the quest for the Orb.
     0 | D:1      | Reached XP level 1. HP: 13/13 MP: 6/6
    81 | D:1      | Reached XP level 2. HP: 12/19 MP: 5/7
    87 | D:1      | Learned a level 2 spell: Call Imp
   137 | D:1      | You fall into a shaft and drop 1 floor!
   139 | D:2      | Found Mehee's Assorted Antiques.
   157 | D:2      | Bought a scroll labelled HUEFFU UMAOSOS for 18 gold pieces
   172 | D:2      | Frozen to death by an endoplasm

Illustrated notes

Levels and vault maps discovered:
D:1:      roderic_crop_circles_arrival_small, layout_rooms,
          shapermc_ecumenical_altar_ellora, serial_shops, nicolae_shop_stone,
          kennysheep_minor_cross
D:2:      minmay_evil_eye, layout_loops_ring, serial_shops, shop, uniq_natasha

Action                   || total
-------------------------++-------
Melee: Unarmed           ||    19
       Bite              ||     3
 Cast: Summon Small Mamm ||     7
       Call Imp          ||     4
  Use: Scroll            ||     2
Armor: Robe              ||     5
Dodge: Dodged            ||    15

Table legend: (Time is in decaauts)
 A = Elapsed time spent in this place.
 B = Non-inter-level travel time spent in this place.
 C = Inter-level travel time spent in this place.
 D = Time resting spent in this place.
 E = Time spent auto-exploring this place.
 F = Levels seen in this place.
 G = Mean time per level.
                   A        B        C        D        E       F      G
               +--------+--------+--------+--------+--------+-----+--------+
         Total |    171 |    171 |      0 |      0 |     24 |   2 |   85.5 |
       Dungeon |    171 |    171 |      0 |      0 |     24 |   2 |   85.5 |
               +--------+--------+--------+--------+--------+-----+--------+

Top non-repeatable levels by time:
     D:1: 136 daAuts
     D:2: 34 daAuts
